 Dungeon Crawl Stone Soup version 0.22.0 (webtiles) character file.

2191 Blackhawk the Skirmisher (level 9, 0/70 HPs)
             Began as a Formicid Abyssal Knight on Oct 27, 2018.
             Was an Elder of Lugonu.
             Slain by a two-headed ogre
             ... wielding a +0 giant club
              (14 damage)
             ... on level 7 of the Dungeon.
             The game lasted 00:15:22 (7940 turns).

Blackhawk the Skirmisher (Formicid Abyssal Knight)  Turns: 7940, Time: 00:15:23

Health: 0/70       AC: 17    Str: 24    XL:     9   Next: 59%
Magic:  13/13      EV:  8    Int: 11    God:    Lugonu [****..]
Gold:   495        SH:  0    Dex: 10    Spells: 8/8 levels left

rFire    . . .     SeeInvis +   a - +1 mace
rCold    . . .     Gourm    .   (no shield)
rNeg     . . .     Faith    .   f - +0 plate armour
rPois    .         Spirit   .   (helmet unavailable)
rElec    .         Reflect  .   y - +2 cloak
rCorr    .         Harm     .   C - +0 pair of gloves {Str+3}
MR       .....                  (no boots)
Stlth    ..........             (no amulet)
HPRegen  0.21/turn              (no ring)
MPRegen  0.13/turn              (no ring)

@: no status effects
A: permanent stasis, dig shafts and tunnels, four strong arms, antennae 3
a: Dig, Shaft Self, Depart the Abyss, Bend Space, Banish, Corrupt, Renounce
Religion


You were on level 7 of the Dungeon.
You worshipped Lugonu.
Lugonu was greatly pleased with you.
You were not hungry.

You visited 1 branch of the dungeon, and saw 7 of its levels.
You visited the Abyss 1 time.
You also visited: Sewer.

You collected 495 gold pieces.

Inventory:

Hand Weapons
 a - a +1 mace (weapon)
 B - a +0 hunting sling
Missiles
 e - 210 stones (quivered)
 x - 12 tomahawks
 E - 29 sling bullets
 M - a throwing net
Armour
 b - a +0 leather armour
 f - a +0 plate armour (worn)
 y - a +2 cloak (worn)
 C - a +0 pair of gloves of strength (worn)
Jewellery
 j - an uncursed ring of magical power {unknown}
 r - an uncursed ring of protection from magic {unknown}
 s - an uncursed amulet of harm {unknown}
 u - an uncursed ring of see invisible {unknown}
 D - an uncursed ring of poison resistance {unknown}
 Q - a +4 ring of intelligence {unknown}
 R - an uncursed ring of wizardry {unknown}
 S - a cursed ring of poison resistance {unknown}
 T - an uncursed amulet of faith {unknown}
Wands
 m - a wand of polymorph (17)
 w - a wand of disintegration (16)
 O - a wand of scattershot (5)
Scrolls
 d - 5 scrolls of remove curse {unknown}
 g - 6 scrolls of teleportation {unknown}
 i - a scroll of blinking {unknown}
 l - 10 scrolls of identify {unknown}
 n - a scroll of random uselessness {unknown}
 o - 2 scrolls of immolation {unknown}
 t - 2 scrolls of enchant weapon {unknown}
 v - 3 scrolls of amnesia {unknown}
 F - 2 scrolls of magic mapping {unknown}
 J - 3 scrolls of noise {unknown}
 K - 2 scrolls of fear {unknown}
 L - 2 scrolls of fog {unknown}
Potions
 h - 5 potions of heal wounds {unknown}
 k - a potion of agility
 p - 2 potions of degeneration {unknown}
 q - 2 potions of haste {unknown}
 z - 5 potions of curing
 A - a potion of ambrosia {unknown}
 G - 2 potions of brilliance {unknown}
 H - 2 potions of might {unknown}
 I - a potion of flight {unknown}
 N - 2 potions of berserk rage {unknown}
 P - a potion of magic {unknown}
 U - a potion of mutation {unknown}
Comestibles
 c - 15 rations


   Skills:
 + Level 6.3 Fighting
 + Level 5.3 Maces & Flails
 + Level 4.1 Throwing
 + Level 5.8 Armour
 + Level 4.7 Dodging
 + Level 6.2 Invocations


You had 8 spell levels left.
You didn't know any spells.
Your spell library contained the following spells:

 Spells                   Type           Power        Failure   Level  Hunger
 Apportation              Tloc           #.....       99%         1    ##.....
 Summon Small Mammal      Summ           #...         99%         1    ##.....
 Animate Skeleton         Necr           N/A          99%         1    ##.....
 Summon Ice Beast         Ice/Summ       #.......     100%        4    #####..
 Call Imp                 Summ           #.......     100%        2    ###....
 Confusing Touch          Hex            #.....       99%         1    ##.....
 Call Canine Familiar     Summ           #.......     100%        3    ####...
 Summon Lightning Spire   Summ/Air       #.......     100%        4    #####..
 Summon Guardian Golem    Hex/Summ       #.......     100%        3    ####...


Dungeon Overview and Level Annotations

Branches:
Dungeon (7/15)             Temple (0/1) D:6

Altars:
Dithmenos
Elyvilon
Okawaru
Qazlal
Wu Jian
Yredelemnul

Shops:
D:5 %

Annotations:
Abyss:1 Harold


Innate Abilities, Weirdness & Mutations

You cannot be hasted, slowed, berserked, paralysed or teleported.
You can dig through walls and to a lower floor.
Your four strong arms can wield two-handed weapons with a shield.
You have a pair of large antennae on your head. (SInv)


Message History

The two-headed ogre hits you but does no damage.
The two-headed ogre hits you with a dire flail.
You sock the two-headed ogre!
The two-headed ogre is heavily wounded.
You thump the two-headed ogre!
The two-headed ogre is severely wounded.
The two-headed ogre hits you with a giant club!
The two-headed ogre hits you but does no damage.
You hit the two-headed ogre.
The two-headed ogre is severely wounded.
The two-headed ogre closely misses you. The two-headed ogre barely misses you.
You barely miss the two-headed ogre.
The two-headed ogre is severely wounded.
The two-headed ogre hits you with a giant club!!
* * * LOW HITPOINT WARNING * * *
The two-headed ogre hits you but does no damage.
You hit the two-headed ogre.
The two-headed ogre is almost dead.
The two-headed ogre hits you with a giant club!
You die...

...........##...##
#####
...............##
.......#.......#
......#####....####
##........###
#...........#
#..........##
#..........##
#........@..###
..........O...##
........#......###
#.
#.....####.......##
#.. ##..##
#........### #>.#
###
##..........##..#
#...............#
#...............##
................##


You could see a two-headed ogre.

Vanquished Creatures
  A spriggan (D:7)
  2 sky beasts
  An eye of draining (D:6)
  An ogre (D:6)
  A big kobold (Sewer)
  A bullfrog (D:3)
  2 scorpions
  5 killer bees (D:7)
  A howler monkey (D:4)
  2 crimson imps
  An orc priest (D:2)
  2 orc wizards
  3 hounds (D:5)
  A centaur skeleton (D:4)
  A jelly (D:6)
  2 worker ants
  A hound skeleton (D:5)
  3 gnolls
  13 adders
  4 river rats
  A shadow imp (D:5)
  An ooze (D:3)
  6 worms
  3 dart slugs
  7 leopard geckos
  13 orcs
  10 giant cockroaches
  7 goblins
  7 hobgoblins
  14 jackals
  23 kobolds
  8 quokkas
  4 ball pythons
  7 bats
  8 frilled lizards
  A leopard gecko skeleton (D:6)
  30 rats
198 creatures vanquished.

Vanquished Creatures (others)
  An orc warrior (D:6)
  An orc wizard (D:6)
2 creatures vanquished.

Grand Total: 200 creatures vanquished

Notes
Turn   | Place    | Note
-------+----------+-------------------------------------------
     0 | Abyss:1  | Blackhawk the Formicid Abyssal Knight began the quest for the Orb.
     0 | Abyss:1  | Reached XP level 1. HP: 18/18 MP: 2/2
    70 | Abyss:1  | Noticed a large abomination
    70 | D:1      | Escaped the Abyss
   124 | D:1      | Reached skill level 1 in Dodging
   131 | D:1      | Reached XP level 2. HP: 14/24 MP: 3/3
   152 | D:1      | Reached * piety under Lugonu
   386 | D:1      | Reached XP level 3. HP: 29/29 MP: 4/4
  1494 | D:2      | Reached XP level 4. HP: 4/37 MP: 6/6
  1495 | D:2      | HP: 1/37 [poisoned by an adder]
  1741 | D:2      | Found a faded altar of an unknown god.
  1784 | D:2      | Reached XP level 5. HP: 31/42 MP: 7/7
  1967 | D:2      | Reached ** piety under Lugonu
  2308 | D:2      | Reached XP level 6. HP: 40/48 MP: 8/8
  2894 | D:2      | Found a stormy altar of Qazlal.
  2901 | D:2      | Found an iron altar of Okawaru.
  3381 | D:3      | Reached skill level 1 in Throwing
  3443 | D:3      | Reached XP level 7. HP: 47/55 MP: 9/9
  3449 | D:3      | Reached *** piety under Lugonu
  3455 | D:3      | Found a glowing drain.
  3459 | Sewer    | Entered a sewer
  3983 | Sewer    | Reached **** piety under Lugonu
  4819 | D:5      | Entered Level 5 of the Dungeon
  4986 | D:4      | Reached skill level 5 in Fighting
  4986 | D:4      | Reached XP level 8. HP: 58/62 MP: 11/11
  5186 | D:5      | Found Vicavoys's Food Shop.
  5249 | D:5      | Found an ornate altar of the Wu Jian Council.
  5566 | D:6      | Reached skill level 5 in Invocations
  5640 | D:6      | Found a white marble altar of Elyvilon.
  5693 | D:6      | Found a shadowy altar of Dithmenos.
  5724 | D:6      | Reached skill level 5 in Armour
  6087 | D:6      | Reached XP level 9. HP: 9/69 MP: 10/13
  6375 | D:6      | Found a staircase to the Ecumenical Temple.
  6465 | D:6      | Found a basalt altar of Yredelemnul.
  7172 | D:7      | Reached skill level 5 in Maces & Flails
  7734 | D:7      | Noticed Harold
  7739 | D:7      | Banished Harold
  7887 | D:7      | Noticed a two-headed ogre
  7940 | D:7      | Slain by a two-headed ogre

Skill      XL: |  1  2  3  4  5  6  7  8  9 |
---------------+----------------------------+-----
Dodging        | 1 2 3 4 |  4.7
Armour         | 3 4 5 |  5.8
Invocations    | 3 4 5 6 |  6.2
Fighting       | 4 5 6 |  6.3
Maces & Flails | 3 4 5 |  5.3
Throwing       | 1 2 3 4 |  4.1

Action                   |  1- 3 |  4- 6 |  7- 9 || total
-------------------------+-------+-------+-------++-------
Melee: Mace              |   121 |   239 |   524 ||   884
Invok: Depart the Abyss  |     1 |       |       ||     1
       Banish            |       |       |     3 ||     3
 Abil: Dig               |       |     3 |     3 ||     6
  Use: Potion            |       |     2 |       ||     2
  Eat: Chunk             |     2 |     8 |    14 ||    24
       Ration            |       |       |     1 ||     1
Armor: Leather armour    |    38 |       |       ||    38
       Plate armour      |       |   176 |   490 ||   666
Dodge: Dodged            |    92 |    75 |   284 ||   451
